[Event "28th CRO-chT 1A-Men 2019"]
[Site "Mali Losinj"]
[Date "2019.10.05"]
[Round "8.20"]
[White "Saric, Ante"]
[Black "Sertic, Rudolf"]
[Result "1-0"]
[ECO "D12"]
[WhiteElo "2557"]
[BlackElo "2371"]
[Annotator "ChessBase"]
[PlyCount "107"]
[EventDate "2019.09.28"]
[EventType "team-tourn"]
[EventCountry "CRO"]
[SourceTitle "playchess.com"]
[Source "ChessBase"]
[SourceQuality "1"]
[TimeControl "40/5400+30:1800+30"]

1. Nf3 d5 2. d4 Nf6 3. c4 c6 4. e3 Bf5 5. Nc3 e6 6. Bd3 Bxd3 7. Qxd3 Nbd7 8. O-O Bd6 9. e4 dxc4 10. Qxc4 e5 11. Bg5 O-O 12. Rad1 Qc7 13. d5 c5 14. Nd2 a6 15. a4 Rfc8 16. Ra1 b6 17. b3 Qb7 18. Qe2 Bc7 19. Ra2 Ne8 20. Rfa1 Nd6 21. Nc4 Re8 22. g3 Nf8 23. h4 Qc8 24. Kg2 Qd7 25. h5 h6 26. Bd2 Nh7 27. g4 Bd8 28. f3 Qc7 29. Be3 Bg5 30. Bf2 Bf4 31. Qd3 Nf6 32. Ne2 Nd7 33. Rc2 Nxc4 34. bxc4 Qd6 35. Rb2 Bg5 36. Ng3 g6 37. Rh1 Kg7 38. Be3 Bf4 39. Qd2 Rh8 40. Qc3 Bxg3 41. Kxg3 g5 42. a5 Rhb8 43. Rhb1 bxa5 44. Qxa5 Rc8 45. Rb7 Rab8 46. Rxb8 Rxb8 47. Rxb8 Qxb8 48. Qxa6 Qb3 49. Bf2 Nf6 50. Kg2 Qd3 51. Qa1 Nxg4 52. fxg4 Qxe4+ 53. Kh2 Kh7 54. Qd1 1-0

[Event "28th CRO-chT 1A-Men 2019"]
[Site "Mali Losinj"]
[Date "2019.10.05"]
[Round "8.21"]
[White "Biti, Ozren"]
[Black "Galyas, Miklos"]
[Result "1/2-1/2"]
[ECO "B07"]
[WhiteElo "2366"]
[BlackElo "2476"]
[Annotator "ChessBase"]
[PlyCount "73"]
[EventDate "2019.09.28"]
[EventType "team-tourn"]
[EventCountry "CRO"]
[SourceTitle "playchess.com"]
[Source "ChessBase"]
[SourceQuality "1"]
[TimeControl "40/5400+30:1800+30"]

1. e4 d6 2. d4 Nf6 3. Nc3 g6 4. Be3 c6 5. Qd2 Nbd7 6. Nf3 b5 7. e5 dxe5 8. dxe5 Ng4 9. e6 fxe6 10. Ng5 Nxe3 11. Qxe3 Bh6 12. Qd4 e5 13. Qh4 Bxg5 14. Qxg5 Nf6 15. Bd3 Qd4 16. O-O Qf4 17. h4 Bf5 18. g3 Qxg5 19. hxg5 Nd7 20. Ne4 h6 21. Rfe1 hxg5 22. Nxg5 Rh5 23. Nf3 O-O-O 24. Kg2 Rf8 25. Nh4 Bxd3 26. cxd3 Rf6 27. Rac1 Rh8 28. Re3 Rhf8 29. Rc2 Kc7 30. Nf3 Rf5 31. Nh4 R5f6 32. Nf3 Rf5 33. Nh4 R5f6 34. Nf3 e4 35. d4 R6f7 36. Nh4 Rf6 37. Nf3 1/2-1/2

[Event "28th CRO-chT 1A-Men 2019"]
[Site "Mali Losinj"]
[Date "2019.10.05"]
[Round "8.22"]
[White "Plenca, Julijan"]
[Black "Ascic, Pero"]
[Result "1-0"]
[ECO "C56"]
[WhiteElo "2423"]
[BlackElo "2318"]
[Annotator "ChessBase"]
[PlyCount "79"]
[EventDate "2019.09.28"]
[EventType "team-tourn"]
[EventCountry "CRO"]
[SourceTitle "playchess.com"]
[Source "ChessBase"]
[SourceQuality "1"]
[TimeControl "40/5400+30:1800+30"]

1. e4 e5 2. Bc4 Nf6 3. d4 Nc6 4. Nf3 exd4 5. e5 d5 6. Bb5 Ne4 7. Nxd4 Bd7 8. Bxc6 bxc6 9. O-O Be7 10. f3 Nc5 11. f4 Ne4 12. Nc3 Nxc3 13. bxc3 c5 14. Ne2 Bc6 15. f5 Bg5 16. f6 gxf6 17. Bxg5 fxg5 18. Ng3 d4 19. Qg4 Bd7 20. Qf3 O-O 21. Ne4 Qe7 22. Nf6+ Kg7 23. Qh5 h6 24. Rae1 Be6 25. h4 Rh8 26. hxg5 hxg5 27. Qxg5+ Kf8 28. Rf4 Qd8 29. Rd1 c6 30. cxd4 Rb8 31. c4 cxd4 32. Rfxd4 Qe7 33. Rh4 Qc5+ 34. Kh1 Rxh4+ 35. Qxh4 Qe3 36. c5 a5 37. a4 Bf5 38. Qh8+ Ke7 39. Ng8+ Rxg8 40. Qf6+ 1-0

[Event "28th CRO-chT 1A-Men 2019"]
[Site "Mali Losinj"]
[Date "2019.10.05"]
[Round "8.23"]
[White "Filipovic, Marko"]
[Black "Bobanac, Miro"]
[Result "1-0"]
[ECO "E06"]
[WhiteElo "2349"]
[BlackElo "2257"]
[Annotator "ChessBase"]
[PlyCount "107"]
[EventDate "2019.09.28"]
[EventType "team-tourn"]
[EventCountry "CRO"]
[SourceTitle "playchess.com"]
[Source "ChessBase"]
[SourceQuality "1"]
[TimeControl "40/5400+30:1800+30"]

1. d4 Nf6 2. Nf3 e6 3. c4 d5 4. g3 Be7 5. Bg2 O-O 6. O-O c6 7. Qc2 b6 8. Bf4 Bb7 9. Rd1 Na6 10. Ne5 Rc8 11. Nc3 Nh5 12. Be3 f6 13. Nf3 f5 14. a3 f4 15. Bd2 Bd6 16. e4 g6 17. e5 Be7 18. cxd5 cxd5 19. g4 Ng7 20. Qc1 g5 21. h4 h5 22. Bh3 hxg4 23. Bxg4 gxh4 24. Bxf4 Qe8 25. Kh2 Qf7 26. Bh6 Kh8 27. Rg1 Rg8 28. Ng5 Bxg5 29. Bxg5 Nf5 30. Bf6+ Kh7 31. Qf4 Nh6 32. Be2 Nf5 33. Bd3 Qh5 34. Qxh4 Qxh4+ 35. Bxh4 Nc7 36. Bf6 Kh6 37. Ne2 Ba6 38. Bxf5 Bxe2 39. Bh3 Rxg1 40. Rxg1 Re8 41. a4 Na6 42. Rg7 Nb4 43. Rxa7 Nc6 44. Rb7 Nxd4 45. f4 Ra8 46. Rxb6 Rxa4 47. Be7 Ra6 48. Rb8 Kg6 49. Bc5 Nf5 50. b4 Ra2 51. Rg8+ Kf7 52. Rg2 Rc2 53. Bg4 Bd3 54. Bh5# 1-0

[Event "28th CRO-chT 1A-Men 2019"]
[Site "Mali Losinj"]
[Date "2019.10.05"]
[Round "8.24"]
[White "Brulic, Denis"]
[Black "Drmic, Tomislav"]
[Result "1/2-1/2"]
[ECO "D12"]
[WhiteElo "2230"]
[BlackElo "2224"]
[Annotator "ChessBase"]
[PlyCount "45"]
[EventDate "2019.09.28"]
[EventType "team-tourn"]
[EventCountry "CRO"]
[SourceTitle "playchess.com"]
[Source "ChessBase"]
[SourceQuality "1"]
[TimeControl "40/5400+30:1800+30"]

1. Nf3 d5 2. e3 Bf5 3. c4 e6 4. Nc3 c6 5. d4 Nf6 6. Bd3 dxc4 7. Bxc4 Be7 8. O-O O-O 9. Re1 Nbd7 10. e4 Bg4 11. Be2 c5 12. Be3 cxd4 13. Nxd4 Bxe2 14. Qxe2 Bb4 15. f3 Rc8 16. Rec1 a6 17. Nd1 Qe7 18. Nf2 Rfd8 19. Rxc8 Rxc8 20. Rc1 Rxc1+ 21. Bxc1 Bc5 22. Be3 Qd6 23. Nb3 1/2-1/2

[Event "28th CRO-chT 1A-Men 2019"]
[Site "Mali Losinj"]
[Date "2019.10.05"]
[Round "8.25"]
[White "Grachev, Boris"]
[Black "Ponkratov, Pavel"]
[Result "1/2-1/2"]
[ECO "A17"]
[WhiteElo "2621"]
[BlackElo "2621"]
[Annotator "ChessBase"]
[PlyCount "83"]
[EventDate "2019.09.28"]
[EventType "team-tourn"]
[EventCountry "CRO"]
[SourceTitle "playchess.com"]
[Source "ChessBase"]
[SourceQuality "1"]
[TimeControl "40/5400+30:1800+30"]

1. Nf3 c5 2. c4 Nf6 3. Nc3 e6 4. e3 d5 5. cxd5 Nxd5 6. Nxd5 Qxd5 7. b3 Be7 8. Bb2 Nc6 9. Bxg7 Rg8 10. Bc3 e5 11. Bc4 Qd6 12. Qc2 Rxg2 13. O-O-O Rg6 14. Bb5 Bf6 15. Qe4 Bd7 16. Nxe5 Bxe5 17. f4 f5 18. fxe5 fxe4 19. exd6 Rxd6 20. Rhg1 O-O-O 21. Rg5 b6 22. Ba6+ Kc7 23. Rf1 Bc8 24. Bc4 Rh6 25. Bd5 Rxh2 26. Bxe4 Rh4 27. Bd5 Rh6 28. Rf7+ Rd7 29. Rf8 Ba6 30. Bf3 Bd3 31. Kb2 Rg6 32. Rh5 Rg1 33. a3 Bg6 34. Rd5 Rxd5 35. Bxd5 Ne7 36. Bc4 Nc6 37. Rf6 Rg5 38. Rf8 Ne5 39. Ra8 Nxc4+ 40. bxc4 Kb7 41. Rg8 Rf5 42. Rg7+ 1/2-1/2

[Event "28th CRO-chT 1A-Men 2019"]
[Site "Mali Losinj"]
[Date "2019.10.05"]
[Round "8.26"]
[White "Martinovic, Sasa"]
[Black "Bosiocic, Marin"]
[Result "1/2-1/2"]
[ECO "D41"]
[WhiteElo "2539"]
[BlackElo "2619"]
[Annotator "ChessBase"]
[PlyCount "51"]
[EventDate "2019.09.28"]
[EventType "team-tourn"]
[EventCountry "CRO"]
[SourceTitle "playchess.com"]
[Source "ChessBase"]
[SourceQuality "1"]
[TimeControl "40/5400+30:1800+30"]

1. d4 Nf6 2. c4 e6 3. Nf3 d5 4. Nc3 c5 5. cxd5 Nxd5 6. e4 Nxc3 7. bxc3 cxd4 8. cxd4 Bb4+ 9. Bd2 Bxd2+ 10. Qxd2 O-O 11. Bc4 Nd7 12. O-O b6 13. Rfe1 Bb7 14. a4 Rc8 15. Bd3 a5 16. Bb5 Nf6 17. Bd3 Nd7 18. h3 h6 19. Bb5 Nf6 20. Qd3 Rc7 21. Ne5 Qc8 22. f3 Rc3 23. Qd2 Rc2 24. Qe3 Rc3 25. Qd2 Rc2 26. Qe3 1/2-1/2

[Event "28th CRO-chT 1A-Men 2019"]
[Site "Mali Losinj"]
[Date "2019.10.05"]
[Round "8.27"]
[White "Popov, Ivan"]
[Black "Cvitan, Ognjen"]
[Result "1-0"]
[ECO "B76"]
[WhiteElo "2611"]
[BlackElo "2490"]
[Annotator "ChessBase"]
[PlyCount "83"]
[EventDate "2019.09.28"]
[EventType "team-tourn"]
[EventCountry "CRO"]
[SourceTitle "playchess.com"]
[Source "ChessBase"]
[SourceQuality "1"]
[TimeControl "40/5400+30:1800+30"]

1. e4 c5 2. Nf3 d6 3. d4 cxd4 4. Nxd4 Nf6 5. Nc3 g6 6. Be3 Bg7 7. f3 Nc6 8. Qd2 O-O 9. O-O-O d5 10. exd5 Nxd5 11. Nxc6 bxc6 12. Bd4 Bxd4 13. Qxd4 Qb6 14. Na4 Qc7 15. Bc4 Rd8 16. Nc5 Bf5 17. Bb3 Nf4 18. Qc4 Be6 19. Nxe6 Rxd1+ 20. Rxd1 Nxe6 21. g3 Rd8 22. Rxd8+ Nxd8 23. Qc5 h5 24. a4 e6 25. c3 Qb6 26. Qxb6 axb6 27. Bc2 Kf8 28. b4 Ke7 29. a5 bxa5 30. bxa5 Kd6 31. Kd2 Kc7 32. a6 Kb6 33. Bd3 c5 34. Ke3 f5 35. h4 Nf7 36. Bc4 Nd6 37. Bxe6 Kxa6 38. Kf4 Kb6 39. Kg5 Nb5 40. Kxg6 Nxc3 41. Bxf5 Ne2 42. g4 1-0

[Event "28th CRO-chT 1A-Men 2019"]
[Site "Mali Losinj"]
[Date "2019.10.05"]
[Round "8.28"]
[White "Kurajica, Bojan"]
[Black "Tica, Sven"]
[Result "1-0"]
[ECO "E17"]
[WhiteElo "2494"]
[BlackElo "2418"]
[Annotator "ChessBase"]
[PlyCount "123"]
[EventDate "2019.09.28"]
[EventType "team-tourn"]
[EventCountry "CRO"]
[SourceTitle "playchess.com"]
[Source "ChessBase"]
[SourceQuality "1"]
[TimeControl "40/5400+30:1800+30"]

1. Nf3 d5 2. c4 e6 3. g3 Nf6 4. Bg2 Be7 5. O-O O-O 6. b3 b6 7. cxd5 exd5 8. Bb2 Bb7 9. d4 Nbd7 10. Nc3 a6 11. Rc1 Bd6 12. Nd2 Re8 13. Nc4 Bb4 14. Ne3 c6 15. a3 Bf8 16. Na4 a5 17. Rc2 g6 18. Bh3 Bd6 19. Ng2 Qe7 20. Qc1 Ra6 21. Nf4 Ne4 22. Nd3 f5 23. Bg2 Nef6 24. Re1 Ng4 25. Rxc6 Bxc6 26. Qxc6 Ngf6 27. Nc3 Nb8 28. Qb5 Qd7 29. Qxd7 Nbxd7 30. Nxd5 Ra7 31. Nc3 Nb8 32. Nb5 Rd7 33. f3 Bf8 34. Ne5 Rdd8 35. e4 fxe4 36. fxe4 Rxe5 37. dxe5 Bc5+ 38. Kh1 Ng4 39. h3 Ne3 40. Bf3 Nc6 41. Be2 Nd4 42. Bxd4 Bxd4 43. Nxd4 Rxd4 44. Ba6 Nc2 45. Rf1 Nxa3 46. Bb7 Rd7 47. Bd5+ Kg7 48. Rf6 b5 49. Ra6 a4 50. bxa4 bxa4 51. Rxa4 Nb5 52. Bc6 Rd1+ 53. Kg2 Nd4 54. Ra7+ Kh6 55. Rd7 Rd2+ 56. Kf1 Rc2 57. Rxd4 Rxc6 58. Kf2 Kg5 59. Rd7 h5 60. Ke3 Rc3+ 61. Kd4 Rxg3 62. h4+ 1-0

[Event "28th CRO-chT 1A-Men 2019"]
[Site "Mali Losinj"]
[Date "2019.10.05"]
[Round "8.29"]
[White "Golubovic, Boris"]
[Black "Rogic, Davor"]
[Result "1/2-1/2"]
[ECO "D00"]
[WhiteElo "2401"]
[BlackElo "2492"]
[Annotator "ChessBase"]
[PlyCount "45"]
[EventDate "2019.09.28"]
[EventType "team-tourn"]
[EventCountry "CRO"]
[SourceTitle "playchess.com"]
[Source "ChessBase"]
[SourceQuality "1"]
[TimeControl "40/5400+30:1800+30"]

1. d4 Nf6 2. Nc3 d5 3. Bf4 a6 4. e3 e6 5. Bd3 c5 6. dxc5 Bxc5 7. Nf3 O-O 8. O-O Nc6 9. a3 b5 10. e4 b4 11. axb4 Nxb4 12. exd5 Nfxd5 13. Be4 Bb7 14. Nxd5 Bxd5 15. Bxd5 Nxd5 16. Be5 Qb6 17. c4 f6 18. cxd5 fxe5 19. dxe6 Qxe6 20. Ng5 Qe7 21. Qd5+ Kh8 22. Ne6 Qf7 23. Qxc5 1/2-1/2

[Event "28th CRO-chT 1A-Men 2019"]
[Site "Mali Losinj"]
[Date "2019.10.05"]
[Round "8.30"]
[White "Muse, Mladen"]
[Black "Petrov, Jole"]
[Result "1/2-1/2"]
[ECO "D02"]
[WhiteElo "2387"]
[BlackElo "2418"]
[Annotator "ChessBase"]
[PlyCount "41"]
[EventDate "2019.09.28"]
[EventType "team-tourn"]
[EventCountry "CRO"]
[SourceTitle "playchess.com"]
[Source "ChessBase"]
[SourceQuality "1"]
[TimeControl "40/5400+30:1800+30"]

1. Nf3 d5 2. g3 c6 3. Bg2 Bg4 4. d4 Nf6 5. O-O e6 6. Nbd2 Nbd7 7. Re1 Be7 8. e4 O-O 9. c3 Bh5 10. h3 Rc8 11. Qb3 Qb6 12. exd5 cxd5 13. Ne5 Qc7 14. Nxd7 Qxd7 15. a4 Qc7 16. Nf3 Bd6 17. Ne5 Nd7 18. Bf4 Nxe5 19. Bxe5 Rfd8 20. a5 Bg6 21. Qb5 1/2-1/2

[Event "28th CRO-chT 1A-Men 2019"]
[Site "Mali Losinj"]
[Date "2019.10.06"]
[Round "9.2"]
[White "Dreev, Aleksey"]
[Black "Martinovic, Sasa"]
[Result "1/2-1/2"]
[ECO "D77"]
[WhiteElo "2662"]
[BlackElo "2539"]
[Annotator "ChessBase"]
[PlyCount "27"]
[EventDate "2019.09.28"]
[EventType "team-tourn"]
[EventCountry "CRO"]
[SourceTitle "playchess.com"]
[Source "ChessBase"]
[SourceQuality "1"]
[TimeControl "40/5400+30:1800+30"]

1. d4 Nf6 2. Nf3 g6 3. g3 Bg7 4. Bg2 d5 5. O-O O-O 6. c4 dxc4 7. Na3 c5 8. Nxc4 Be6 9. Nce5 cxd4 10. Qxd4 Qxd4 11. Nxd4 Bd5 12. Rd1 Bxg2 13. Kxg2 Rd8 14. Bf4 1/2-1/2

[Event "28th CRO-chT 1A-Men 2019"]
[Site "Mali Losinj"]
[Date "2019.10.06"]
[Round "9.3"]
[White "Cvitan, Ognjen"]
[Black "Lalic, Bogdan"]
[Result "1/2-1/2"]
[ECO "D55"]
[WhiteElo "2490"]
[BlackElo "2419"]
[Annotator "ChessBase"]
[PlyCount "42"]
[EventDate "2019.09.28"]
[EventType "team-tourn"]
[EventCountry "CRO"]
[SourceTitle "playchess.com"]
[Source "ChessBase"]
[SourceQuality "1"]
[TimeControl "40/5400+30:1800+30"]

1. d4 Nf6 2. c4 e6 3. Nf3 d5 4. Nc3 Be7 5. Bg5 h6 6. Bxf6 Bxf6 7. e3 O-O 8. Rc1 c6 9. Bd3 Nd7 10. O-O dxc4 11. Bxc4 e5 12. h3 exd4 13. exd4 Nb6 14. Bb3 Bf5 15. Re1 Re8 16. Rxe8+ Qxe8 17. Qd2 Qd7 18. Re1 a5 19. a3 Re8 20. Rxe8+ Qxe8 21. Qf4 Be6 1/2-1/2

[Event "28th CRO-chT 1A-Men 2019"]
[Site "Mali Losinj"]
[Date "2019.10.06"]
[Round "9.6"]
[White "Medak, Bojan"]
[Black "Muse, Mladen"]
[Result "1/2-1/2"]
[ECO "A14"]
[WhiteElo "2351"]
[BlackElo "2387"]
[Annotator "ChessBase"]
[PlyCount "27"]
[EventDate "2019.09.28"]
[EventType "team-tourn"]
[EventCountry "CRO"]
[SourceTitle "playchess.com"]
[Source "ChessBase"]
[SourceQuality "1"]
[TimeControl "40/5400+30:1800+30"]

1. Nf3 d5 2. c4 e6 3. g3 Nf6 4. Bg2 Be7 5. O-O O-O 6. b3 b6 7. Bb2 Bb7 8. e3 c5 9. Qe2 Nc6 10. d3 Qc7 11. Nbd2 Rad8 12. a3 Rd7 13. Rac1 Qb8 14. d4 1/2-1/2

[Event "28th CRO-chT 1A-Men 2019"]
[Site "Mali Losinj"]
[Date "2019.10.06"]
[Round "9.7"]
[White "Saric, Ibro"]
[Black "Grachev, Boris"]
[Result "1/2-1/2"]
[ECO "D14"]
[WhiteElo "2564"]
[BlackElo "2621"]
[Annotator "ChessBase"]
[PlyCount "22"]
[EventDate "2019.09.28"]
[EventType "team-tourn"]
[EventCountry "CRO"]
[SourceTitle "playchess.com"]
[Source "ChessBase"]
[SourceQuality "1"]
[TimeControl "40/5400+30:1800+30"]

1. c4 c6 2. d4 d5 3. cxd5 cxd5 4. Nc3 Nf6 5. Nf3 Nc6 6. Bf4 Bf5 7. e3 e6 8. Bd3 Bxd3 9. Qxd3 Bd6 10. Bxd6 Qxd6 11. O-O O-O 1/2-1/2

[Event "28th CRO-chT 1A-Men 2019"]
[Site "Mali Losinj"]
[Date "2019.10.06"]
[Round "9.8"]
[White "Bosiocic, Marin"]
[Black "Saric, Ante"]
[Result "1/2-1/2"]
[ECO "B97"]
[WhiteElo "2619"]
[BlackElo "2557"]
[Annotator "ChessBase"]
[PlyCount "25"]
[EventDate "2019.09.28"]
[EventType "team-tourn"]
[EventCountry "CRO"]
[SourceTitle "playchess.com"]
[Source "ChessBase"]
[SourceQuality "1"]
[TimeControl "40/5400+30:1800+30"]

1. e4 c5 2. Nf3 d6 3. d4 cxd4 4. Nxd4 Nf6 5. Nc3 a6 6. Bg5 e6 7. f4 Qb6 8. Qd2 Qxb2 9. Rb1 Qa3 10. Bxf6 gxf6 11. Be2 Nc6 12. Nxc6 bxc6 13. O-O 1/2-1/2

[Event "28th CRO-chT 1A-Men 2019"]
[Site "Mali Losinj"]
[Date "2019.10.06"]
[Round "9.9"]
[White "Galyas, Miklos"]
[Black "Popov, Ivan"]
[Result "1/2-1/2"]
[ECO "B18"]
[WhiteElo "2476"]
[BlackElo "2611"]
[Annotator "ChessBase"]
[PlyCount "21"]
[EventDate "2019.09.28"]
[EventType "team-tourn"]
[EventCountry "CRO"]
[SourceTitle "playchess.com"]
[Source "ChessBase"]
[SourceQuality "1"]
[TimeControl "40/5400+30:1800+30"]

1. e4 c6 2. d4 d5 3. Nc3 dxe4 4. Nxe4 Bf5 5. Ng3 Bg6 6. Nf3 e6 7. Bd3 Nf6 8. O-O Nbd7 9. c3 Bxd3 10. Qxd3 Be7 11. Re1 1/2-1/2

[Event "28th CRO-chT 1A-Men 2019"]
[Site "Mali Losinj"]
[Date "2019.10.06"]
[Round "9.10"]
[White "Tica, Sven"]
[Black "Plenca, Julijan"]
[Result "1/2-1/2"]
[ECO "B19"]
[WhiteElo "2418"]
[BlackElo "2423"]
[Annotator "ChessBase"]
[PlyCount "24"]
[EventDate "2019.09.28"]
[EventType "team-tourn"]
[EventCountry "CRO"]
[SourceTitle "playchess.com"]
[Source "ChessBase"]
[SourceQuality "1"]
[TimeControl "40/5400+30:1800+30"]

1. e4 c6 2. d4 d5 3. Nc3 dxe4 4. Nxe4 Bf5 5. Ng3 Bg6 6. h4 h6 7. Nf3 Nd7 8. h5 Bh7 9. Bd3 Bxd3 10. Qxd3 Ngf6 11. Bf4 Qa5+ 12. Bd2 Qc7 1/2-1/2

[Event "28th CRO-chT 1A-Men 2019"]
[Site "Mali Losinj"]
[Date "2019.10.06"]
[Round "9.11"]
[White "Bobanac, Miro"]
[Black "Golubovic, Boris"]
[Result "1/2-1/2"]
[ECO "A30"]
[WhiteElo "2257"]
[BlackElo "2401"]
[Annotator "ChessBase"]
[PlyCount "20"]
[EventDate "2019.09.28"]
[EventType "team-tourn"]
[EventCountry "CRO"]
[SourceTitle "playchess.com"]
[Source "ChessBase"]
[SourceQuality "1"]
[TimeControl "40/5400+30:1800+30"]

1. Nf3 Nf6 2. g3 b6 3. Bg2 Bb7 4. O-O e6 5. c4 Be7 6. Nc3 c5 7. d3 O-O 8. Bd2 d5 9. Ne5 Nbd7 10. Nxd7 Qxd7 1/2-1/2

[Event "28th CRO-chT 1A-Men 2019"]
[Site "Mali Losinj"]
[Date "2019.10.06"]
[Round "9.13"]
[White "Kryvoruchko, Yuriy"]
[Black "Indjic, Aleksandar"]
[Result "1/2-1/2"]
[ECO "B51"]
[WhiteElo "2669"]
[BlackElo "2638"]
[Annotator "RC"]
[PlyCount "106"]
[EventDate "2019.09.28"]
[EventType "team-tourn"]
[EventCountry "CRO"]
[SourceTitle "playchess.com"]
[Source "ChessBase"]
[SourceQuality "1"]
[TimeControl "40/5400+30:1800+30"]

1. e4 c5 2. Nf3 d6 3. Bb5+ Nd7 4. Ba4 Ngf6 5. O-O a6 6. c4 e5 7. Nc3 Be7 8. a3 O-O 9. d3 Nb6 10. Bc2 a5 11. h3 Bd7 12. b3 Ne8 13. Rb1 f5 14. b4 axb4 15. axb4 cxb4 16. Rxb4 fxe4 17. dxe4 Bc6 18. Be3 Nd7 19. Nd5 Nc7 20. Qd2 Na6 21. Rb2 Nac5 22. Rd1 Bxd5 23. Qxd5+ Kh8 24. Qd2 Qe8 25. Nh2 Ra3 26. Nf1 Qf7 27. Qe2 Rfa8 28. Rdb1 Bd8 29. Bc1 Nf8 30. Be3 Nfe6 31. Bxc5 Nxc5 32. Ne3 g6 33. Rd1 R8a6 34. Nd5 Ra8 35. Bb1 Ne6 36. Ra2 Rxa2 37. Bxa2 Nc5 38. Bb1 Kg8 39. Rf1 Bg5 40. Bc2 Rf8 41. Qg4 Bd2 42. g3 Ne6 43. f4 exf4 44. Qd1 Ba5 45. gxf4 Nc7 46. Bb3 Nxd5 47. c5 Kg7 48. Bxd5 Qf6 49. cxd6 Bb6+ 50. Kg2 Qxd6 51. Qa1+ Kh6 52. Qe5 Qxe5 53. fxe5 Rxf1 1/2-1/2

[Event "28th CRO-chT 1A-Men 2019"]
[Site "Mali Losinj"]
[Date "2019.10.06"]
[Round "9.15"]
[White "Stevic, Hrvoje"]
[Black "Biti, Ozren"]
[Result "1/2-1/2"]
[ECO "D79"]
[WhiteElo "2570"]
[BlackElo "2366"]
[Annotator "ChessBase"]
[PlyCount "21"]
[EventDate "2019.09.28"]
[EventType "team-tourn"]
[EventCountry "CRO"]
[SourceTitle "playchess.com"]
[Source "ChessBase"]
[SourceQuality "1"]
[TimeControl "40/5400+30:1800+30"]

1. g3 Nf6 2. Bg2 d5 3. Nf3 c6 4. O-O g6 5. d4 Bg7 6. c4 O-O 7. cxd5 cxd5 8. Ne5 Nbd7 9. Nc3 e6 10. Nxd7 Bxd7 11. Bf4 1/2-1/2

[Event "28th CRO-chT 1A-Men 2019"]
[Site "Mali Losinj"]
[Date "2019.10.06"]
[Round "9.16"]
[White "Ascic, Pero"]
[Black "Kozul, Zdenko"]
[Result "0-1"]
[ECO "D02"]
[WhiteElo "2318"]
[BlackElo "2581"]
[Annotator "ChessBase"]
[PlyCount "82"]
[EventDate "2019.09.28"]
[EventType "team-tourn"]
[EventCountry "CRO"]
[SourceTitle "playchess.com"]
[Source "ChessBase"]
[SourceQuality "1"]
[TimeControl "40/5400+30:1800+30"]

1. d4 Nf6 2. c3 d5 3. Nf3 Bf5 4. Bf4 e6 5. e3 Be7 6. Be2 O-O 7. O-O c5 8. Nbd2 h6 9. h3 Nc6 10. Ne5 Nxe5 11. Bxe5 Qb6 12. Qb3 c4 13. Qxb6 axb6 14. Bxf6 Bxf6 15. g4 Bh7 16. f4 Be7 17. Nf3 g5 18. a3 Kg7 19. Rf2 b5 20. Rc1 f6 21. Bd1 Bd6 22. Ne1 gxf4 23. exf4 e5 24. f5 exd4 25. cxd4 b4 26. axb4 Bxb4 27. Nc2 Bd6 28. Bf3 Bg8 29. Re2 Ra5 30. Kf2 Rfa8 31. Ne3 Bf7 32. h4 Re8 33. Rg1 Bf4 34. Nd1 Rxe2+ 35. Kxe2 Ra2 36. Ke1 b5 37. Rg2 b4 38. h5 Ra1 39. Rc2 Rb1 40. Re2 Kf8 41. Rc2 Be8 0-1

[Event "28th CRO-chT 1A-Men 2019"]
[Site "Mali Losinj"]
[Date "2019.10.06"]
[Round "9.17"]
[White "Zelcic, Robert"]
[Black "Filipovic, Marko"]
[Result "1-0"]
[ECO "B53"]
[WhiteElo "2508"]
[BlackElo "2349"]
[Annotator "ChessBase"]
[PlyCount "123"]
[EventDate "2019.09.28"]
[EventType "team-tourn"]
[EventCountry "CRO"]
[SourceTitle "playchess.com"]
[Source "ChessBase"]
[SourceQuality "1"]
[TimeControl "40/5400+30:1800+30"]

1. e4 c5 2. Nf3 d6 3. d4 cxd4 4. Qxd4 a6 5. h3 Nc6 6. Qe3 g6 7. Be2 Bg7 8. O-O Nf6 9. c4 O-O 10. Nc3 Nd7 11. b3 Qa5 12. Bb2 Rb8 13. Rab1 Nde5 14. Rfd1 Nxf3+ 15. Bxf3 Be6 16. Be2 Qc5 17. Qd2 f5 18. Na4 Qb4 19. Bxg7 Kxg7 20. Qb2+ Kg8 21. exf5 Bxf5 22. Rbc1 e5 23. Bf3 Nd4 24. Bd5+ Kg7 25. Rxd4 b5 26. a3 Qa5 27. cxb5 axb5 28. b4 Qd8 29. Rd2 bxa4 30. f4 Qb6+ 31. Kh2 Qe3 32. Rf1 Rbc8 33. Rf3 Qe1 34. Re2 Qd1 35. Rd2 Rc2 36. Qxc2 Bxc2 37. Rxd1 Bxd1 38. Rd3 Bc2 39. Rc3 Bd1 40. Rc1 Be2 41. Re1 Bb5 42. fxe5 Rf5 43. g4 Rxe5 44. Rxe5 dxe5 45. g5 h6 46. h4 hxg5 47. hxg5 Kf8 48. Kg3 Ke7 49. Kf3 Be8 50. Ke3 Kd6 51. Bg8 Bd7 52. Bf7 Bf5 53. Be8 Bc2 54. Kd2 Ke7 55. Kxc2 Kxe8 56. Kd3 Kd7 57. Ke4 Kd6 58. b5 Kc5 59. Kxe5 Kxb5 60. Kd5 Kb6 61. Kc4 Kc6 62. Kb4 1-0

[Event "28th CRO-chT 1A-Men 2019"]
[Site "Mali Losinj"]
[Date "2019.10.06"]
[Round "9.18"]
[White "Drmic, Tomislav"]
[Black "Jankovic, Alojzije"]
[Result "0-1"]
[ECO "D00"]
[WhiteElo "2224"]
[BlackElo "2535"]
[Annotator "ChessBase"]
[PlyCount "88"]
[EventDate "2019.09.28"]
[EventType "team-tourn"]
[EventCountry "CRO"]
[SourceTitle "playchess.com"]
[Source "ChessBase"]
[SourceQuality "1"]
[TimeControl "40/5400+30:1800+30"]

1. d4 Nf6 2. Nc3 d5 3. Bf4 g6 4. h4 h5 5. e3 Bg7 6. Nf3 Bg4 7. Qd2 Bxf3 8. gxf3 c6 9. O-O-O b5 10. Kb1 Nbd7 11. Bd3 b4 12. Ne2 Qb6 13. e4 dxe4 14. fxe4 Ng4 15. Be3 Nxe3 16. fxe3 e5 17. Bc4 O-O 18. Rhg1 Kh7 19. Ng3 Nf6 20. Qe2 Rad8 21. Rdf1 exd4 22. e5 Ng4 23. Bxf7 dxe3 24. Nxh5 gxh5 25. Rxg4 Qb5 26. Bg6+ Kh8 27. Qxb5 cxb5 28. Rxf8+ Rxf8 29. Rg1 Rf2 30. Bd3 Bxe5 31. a3 bxa3 32. bxa3 Bc3 33. Rg5 e2 34. Rxh5+ Kg7 35. Bxe2 Rxe2 36. Rxb5 a5 37. Rc5 Re3 38. Ka2 Rh3 39. h5 Kf6 40. Rc6+ Ke5 41. Kb3 Bb4+ 42. c3 Kd5 43. Rc8 Bc5 44. Rh8 Rxc3+ 0-1

[Event "28th CRO-chT 1A-Men 2019"]
[Site "Mali Losinj"]
[Date "2019.10.06"]
[Round "9.21"]
[White "Markus, Robert"]
[Black "Muse, Drazen"]
[Result "1-0"]
[ECO "E62"]
[WhiteElo "2599"]
[BlackElo "2357"]
[Annotator "ChessBase"]
[PlyCount "53"]
[EventDate "2019.09.28"]
[EventType "team-tourn"]
[EventCountry "CRO"]
[SourceTitle "playchess.com"]
[Source "ChessBase"]
[SourceQuality "1"]
[TimeControl "40/5400+30:1800+30"]

1. d4 Nf6 2. c4 g6 3. g3 Bg7 4. Bg2 O-O 5. Nf3 d6 6. O-O c6 7. Nc3 Qa5 8. e4 Bg4 9. h3 Bxf3 10. Bxf3 Nfd7 11. Be3 Na6 12. Rc1 c5 13. dxc5 Ndxc5 14. a3 Ne6 15. Be2 Nb8 16. Qb3 Qc7 17. Nd5 Qd7 18. c5 dxc5 19. Rfd1 Bd4 20. Bxd4 cxd4 21. Nc7 Nc6 22. Nxa8 Rxa8 23. Qd5 Rd8 24. Qxd7 Rxd7 25. Bb5 Ng5 26. f4 Nxe4 27. Rxc6 1-0